[ AOE2 MATCH · #475270131 ]
Team RMBengalis vs Khmer
[ REPLAY ANALYSIS · EXTRACTED FROM THE RECORDED GAME ]
Feudal
11:44
Castle
16:04
Imperial
34:39
| APM avg | 17.8 |
| APM peak | 60 |
| eAPM avg | 14.9 |
| Villagers / military | 198 / 471 |
Focus
⚔️ 47.1% · 🌾 52.9%
Militia ×146 · Skirmisher ×86 · Spearman ×69 · Scorpion ×67 · Ratha (Ranged) ×35 · Scout Cavalry ×24
Feudal
12:28
Castle
17:51
Imperial
34:56
| APM avg | 12.4 |
| APM peak | 53 |
| eAPM avg | 8.5 |
| Villagers / military | 201 / 58 |
Focus
⚔️ 18.0% · 🌾 82.0%
Scout Cavalry ×32 · Knight ×18 · Flemish Militia ×6 · Spearman ×1 · Monk ×1 · Trade Cart ×1
Feudal
11:25
Castle
24:39
Imperial
41:16
| APM avg | 18.8 |
| APM peak | 82 |
| eAPM avg | 8.3 |
| Villagers / military | 97 / 105 |
Focus
⚔️ 35.2% · 🌾 64.8%
Skirmisher ×44 · Hand Cannoneer ×27 · Archer ×20 · Cavalry Archer ×4 · Ballista Elephant ×4 · Militia ×3
Feudal
11:20
Castle
24:00
Imperial
41:51
| APM avg | 33.6 |
| APM peak | 79 |
| eAPM avg | 12.7 |
| Villagers / military | 124 / 492 |
Focus
⚔️ 35.6% · 🌾 64.4%
Scout Cavalry ×309 · Mangudai ×140 · Battering Ram ×35 · Trebuchet (Packed) ×8
Match map
Initial resources + every placement click. Lines = walls · curves = elevation contours. ◆ gold · ⬟ stone · ● berries · ✦ relic · ◌ wall gap
Your base· Open — 14t gap
Lealcinho.23's base· Open — 5t gap
CryiingBB's base· Open — unwalled flank
R4ZORD's base· Open — 7t gap
Smoothed initial terrain · ◌ = detected wall gap · hover for details
Inputs per minute
— Fau10 - - Lealcinho.23
Build order — Fau10
First 150 of 929 actions detected
| 0:06 | Build | Town Center |
| 0:33 | Build | House |
| 1:09 | Build | House |
| 1:14 | Create | Villager (Male) |
| 1:14 | Create | Villager (Male) |
| 1:14 | Create | Villager (Male) |
| 1:15 | Create | Villager (Male) |
| 1:56 | Build | House |
| 2:18 | Create | Villager (Male) |
| 2:40 | Build | Lumber Camp |
| 3:02 | Create | Villager (Male) |
| 3:02 | Create | Villager (Male) |
| 3:59 | Create | Villager (Male) |
| 4:13 | Create | Villager (Male) |
| 4:44 | Create | Villager (Male) |
| 5:14 | Create | Villager (Male) |
| 5:14 | Create | Villager (Male) |
| 5:14 | Create | Villager (Male) |
| 5:15 | Create | Villager (Male) |
| 5:15 | Create | Villager (Male) |
| 6:43 | Build | Mill |
| 7:22 | Create | Villager (Male) |
| 7:47 | Create | Villager (Male) |
| 8:19 | Create | Villager (Male) |
| 8:38 | Create | Villager (Male) |
| 8:58 | Create | Villager (Male) |
| 9:05 | Build | Mining Camp |
| 9:34 | Research | Feudal Age |
| 10:02 | Research | Loom |
| 10:03 | Create | Villager (Male) |
| 10:03 | Create | Villager (Male) |
| 11:44 | Age | Feudal Age |
| 11:47 | Build | Mining Camp |
| 11:54 | Build | Market |
| 11:58 | Build | Farm |
| 12:03 | Build | Farm |
| 12:25 | Build | Farm |
| 12:33 | Build | Blacksmith |
| 12:40 | Build | Farm |
| 12:46 | Build | Farm |
| 13:10 | Build | Farm |
| 13:24 | Research | Castle Age |
| 14:00 | Build | House |
| 14:01 | Build | House |
| 14:01 | Build | House |
| 14:02 | Build | House |
| 14:17 | Create | Villager (Male) |
| 14:18 | Create | Villager (Male) |
| 15:16 | Build | Barracks |
| 16:04 | Age | Castle Age |
| 16:17 | Build | Castle |
| 16:54 | Build | Town Center |
| 17:02 | Build | Stone Wall |
| 17:10 | Create | Villager (Male) |
| 17:11 | Create | Villager (Male) |
| 17:11 | Create | Villager (Male) |
| 18:04 | Build | Lumber Camp |
| 18:35 | Create | Villager (Male) |
| 19:16 | Create | Ratha (Ranged) |
| 19:27 | Build | Farm |
| 19:34 | Create | Ratha (Ranged) |
| 20:02 | Create | Villager (Male) |
| 20:03 | Create | Villager (Male) |
| 20:07 | Create | Villager (Male) |
| 20:14 | Create | Ratha (Ranged) |
| 20:46 | Create | Ratha (Ranged) |
| 21:57 | Build | Town Center |
| 22:01 | Create | Villager (Male) |
| 22:01 | Create | Villager (Male) |
| 22:02 | Create | Villager (Male) |
| 22:11 | Build | Farm |
| 22:15 | Create | Ratha (Ranged) |
| 23:23 | Create | Ratha (Ranged) |
| 23:26 | Create | Villager (Male) |
| 23:31 | Build | Farm |
| 23:35 | Build | Farm |
| 23:39 | Build | Farm |
| 23:44 | Build | Farm |
| 23:48 | Build | Farm |
| 23:52 | Build | Farm |
| 23:56 | Build | Farm |
| 23:58 | Create | Villager (Male) |
| 23:58 | Create | Villager (Male) |
| 23:58 | Create | Villager (Male) |
| 23:58 | Create | Villager (Male) |
| 24:22 | Build | Farm |
| 24:25 | Create | Villager (Male) |
| 24:34 | Create | Villager (Male) |
| 24:45 | Research | Horse Collar |
| 24:55 | Build | Farm |
| 24:58 | Create | Villager (Male) |
| 25:01 | Build | Farm |
| 25:16 | Create | Villager (Male) |
| 25:23 | Create | Villager (Male) |
| 25:33 | Build | Farm |
| 25:35 | Create | Villager (Male) |
| 25:46 | Create | Villager (Male) |
| 25:55 | Create | Villager (Male) |
| 26:13 | Build | Farm |
| 26:17 | Create | Villager (Male) |
| 26:21 | Create | Villager (Male) |
| 26:29 | Build | Farm |
| 26:34 | Build | Farm |
| 26:40 | Build | Farm |
| 26:44 | Build | Farm |
| 26:45 | Create | Villager (Male) |
| 26:46 | Create | Villager (Male) |
| 26:46 | Create | Villager (Male) |
| 26:47 | Create | Villager (Male) |
| 26:55 | Build | Farm |
| 26:59 | Build | Farm |
| 27:02 | Build | Farm |
| 27:07 | Build | Farm |
| 27:08 | Create | Trade Cart |
| 27:24 | Build | Farm |
| 27:26 | Create | Villager (Male) |
| 27:26 | Create | Villager (Male) |
| 27:33 | Create | Trade Cart |
| 27:33 | Create | Trade Cart |
| 27:48 | Build | Farm |
| 27:50 | Create | Villager (Male) |
| 27:50 | Create | Villager (Male) |
| 27:53 | Create | Villager (Male) |
| 28:05 | Build | Farm |
| 28:07 | Research | Heavy Plow |
| 28:10 | Research | Double-Bit Axe |
| 28:16 | Create | Villager (Male) |
| 28:16 | Create | Villager (Male) |
| 28:23 | Build | Mining Camp |
| 28:27 | Create | Villager (Male) |
| 28:27 | Create | Villager (Male) |
| 28:36 | Build | Mining Camp |
| 28:39 | Create | Villager (Male) |
| 28:39 | Create | Villager (Male) |
| 28:39 | Create | Villager (Male) |
| 28:39 | Create | Villager (Male) |
| 28:44 | Build | Farm |
| 28:54 | Create | Villager (Male) |
| 28:54 | Create | Villager (Male) |
| 28:54 | Create | Villager (Male) |
| 29:02 | Build | House |
| 29:02 | Build | House |
| 29:03 | Build | House |
| 29:03 | Build | House |
| 29:13 | Build | Farm |
| 29:36 | Build | Farm |
| 29:39 | Create | Villager (Male) |
| 29:40 | Create | Villager (Male) |
| 29:41 | Create | Villager (Male) |
| 29:44 | Create | Villager (Male) |
Build order — Lealcinho.23
First 150 of 449 actions detected
| 0:10 | Build | Town Center |
| 1:28 | Create | Villager (Male) |
| 1:28 | Create | Villager (Male) |
| 1:28 | Create | Villager (Male) |
| 1:29 | Create | Villager (Male) |
| 2:09 | Create | Villager (Male) |
| 2:17 | Build | Lumber Camp |
| 2:58 | Create | Villager (Male) |
| 3:13 | Create | Villager (Male) |
| 3:44 | Build | House |
| 3:54 | Create | Villager (Male) |
| 4:11 | Build | Mining Camp |
| 4:31 | Create | Villager (Male) |
| 5:40 | Research | Loom |
| 5:41 | Create | Villager (Male) |
| 5:41 | Create | Villager (Male) |
| 5:42 | Create | Villager (Male) |
| 5:54 | Build | Mill |
| 6:21 | Create | Villager (Male) |
| 6:44 | Create | Villager (Male) |
| 7:48 | Create | Villager (Male) |
| 7:49 | Create | Villager (Male) |
| 8:24 | Create | Villager (Male) |
| 8:45 | Create | Villager (Male) |
| 9:11 | Create | Villager (Male) |
| 9:16 | Create | Villager (Male) |
| 9:31 | Build | Barracks |
| 9:34 | Build | House |
| 9:52 | Create | Villager (Male) |
| 9:56 | Research | Feudal Age |
| 10:38 | Build | Barracks |
| 11:02 | Build | Mill |
| 11:05 | Create | Villager (Male) |
| 11:06 | Create | Villager (Male) |
| 12:14 | Build | Mill |
| 12:28 | Age | Feudal Age |
| 12:31 | Create | Villager (Male) |
| 12:40 | Build | Stable |
| 12:49 | Create | Villager (Male) |
| 13:37 | Create | Villager (Male) |
| 14:05 | Build | Blacksmith |
| 14:06 | Create | Villager (Male) |
| 14:33 | Create | Villager (Male) |
| 14:57 | Create | Scout Cavalry |
| 14:57 | Create | Scout Cavalry |
| 14:57 | Create | Scout Cavalry |
| 15:08 | Build | House |
| 15:09 | Build | House |
| 15:11 | Research | Castle Age |
| 15:18 | Build | House |
| 15:21 | Create | Villager (Male) |
| 15:40 | Create | Scout Cavalry |
| 16:50 | Create | Flemish Militia |
| 17:00 | Create | Scout Cavalry |
| 17:10 | Create | Villager (Male) |
| 17:40 | Create | Scout Cavalry |
| 17:40 | Create | Scout Cavalry |
| 17:51 | Age | Castle Age |
| 18:01 | Research | Light Cavalry (upgrade) |
| 18:10 | Research | Husbandry |
| 18:32 | Build | Mill |
| 18:45 | Create | Scout Cavalry |
| 18:57 | Create | Scout Cavalry |
| 19:27 | Create | Spearman |
| 19:53 | Research | Wheelbarrow |
| 20:27 | Build | Town Center |
| 21:18 | Research | Squires |
| 21:25 | Research | Arson |
| 21:34 | Build | Town Center |
| 21:39 | Create | Villager (Male) |
| 21:40 | Create | Villager (Male) |
| 22:01 | Build | Mill |
| 22:24 | Create | Villager (Male) |
| 22:41 | Build | Mill |
| 22:51 | Create | Villager (Male) |
| 23:03 | Build | Stable |
| 23:05 | Build | Stable |
| 23:26 | Create | Villager (Male) |
| 23:48 | Build | Mill |
| 24:00 | Create | Villager (Male) |
| 24:38 | Create | Villager (Male) |
| 24:46 | Build | Mining Camp |
| 24:51 | Create | Villager (Male) |
| 24:51 | Create | Villager (Male) |
| 25:25 | Build | Mill |
| 25:33 | Create | Villager (Male) |
| 25:35 | Create | Villager (Male) |
| 25:45 | Build | Mill |
| 25:55 | Research | Hand Cart |
| 26:13 | Build | Mill |
| 26:30 | Create | Villager (Male) |
| 26:30 | Create | Villager (Male) |
| 26:30 | Create | Villager (Male) |
| 26:32 | Create | Villager (Male) |
| 27:22 | Build | Market |
| 27:32 | Build | House |
| 27:33 | Build | House |
| 27:33 | Build | House |
| 27:35 | Create | Villager (Male) |
| 27:38 | Research | Stone Mining |
| 28:25 | Create | Villager (Male) |
| 29:07 | Build | Mill |
| 29:15 | Create | Villager (Male) |
| 29:27 | Create | Villager (Male) |
| 29:27 | Create | Villager (Male) |
| 29:51 | Create | Villager (Male) |
| 30:10 | Build | Monastery |
| 30:16 | Build | University |
| 30:21 | Create | Villager (Male) |
| 30:23 | Create | Villager (Male) |
| 30:24 | Create | Villager (Male) |
| 30:26 | Create | Villager (Male) |
| 30:27 | Create | Villager (Male) |
| 30:28 | Create | Villager (Male) |
| 30:35 | Create | Villager (Male) |
| 30:36 | Create | Villager (Male) |
| 30:39 | Create | Villager (Male) |
| 30:41 | Create | Villager (Male) |
| 30:55 | Create | Villager (Male) |
| 31:12 | Create | Villager (Male) |
| 31:23 | Build | Mill |
| 31:26 | Create | Villager (Male) |
| 31:29 | Create | Villager (Male) |
| 31:45 | Research | Imperial Age |
| 31:57 | Build | House |
| 31:57 | Build | House |
| 31:57 | Build | House |
| 31:57 | Build | House |
| 31:58 | Build | House |
| 32:00 | Build | House |
| 32:00 | Build | House |
| 32:00 | Build | House |
| 32:01 | Build | House |
| 32:01 | Build | House |
| 32:03 | Create | Villager (Male) |
| 32:05 | Create | Villager (Male) |
| 32:07 | Create | Villager (Male) |
| 32:09 | Create | Villager (Male) |
| 32:10 | Create | Villager (Male) |
| 32:12 | Create | Villager (Male) |
| 32:16 | Create | Villager (Male) |
| 32:18 | Create | Villager (Male) |
| 32:24 | Create | Villager (Male) |
| 32:40 | Research | Forging |
| 32:41 | Research | Scale Mail Armor |
| 33:03 | Build | Blacksmith |
| 33:30 | Build | Mill |
| 33:45 | Build | Mill |
| 33:55 | Create | Villager (Male) |
| 34:03 | Build | Mill |
Build order — CryiingBB
First 150 of 323 actions detected
| 0:24 | Build | Town Center |
| 1:31 | Create | Villager (Male) |
| 1:57 | Create | Villager (Male) |
| 2:07 | Create | Villager (Male) |
| 2:45 | Create | Villager (Male) |
| 2:58 | Build | Mill |
| 3:20 | Create | Villager (Male) |
| 4:04 | Create | Villager (Male) |
| 4:08 | Create | Villager (Male) |
| 4:09 | Create | Villager (Male) |
| 4:26 | Create | Villager (Male) |
| 4:32 | Create | Villager (Male) |
| 5:08 | Create | Villager (Male) |
| 5:44 | Create | Villager (Male) |
| 5:57 | Create | Villager (Male) |
| 6:16 | Create | Villager (Male) |
| 6:32 | Build | Barracks |
| 6:34 | Create | Villager (Male) |
| 7:05 | Create | Villager (Male) |
| 7:56 | Build | House |
| 8:03 | Build | Lumber Camp |
| 8:08 | Create | Villager (Male) |
| 8:39 | Create | Villager (Male) |
| 8:54 | Create | Villager (Male) |
| 9:15 | Research | Feudal Age |
| 10:30 | Build | House |
| 10:31 | Build | House |
| 10:48 | Create | Villager (Male) |
| 11:25 | Age | Feudal Age |
| 11:28 | Build | Archery Range |
| 11:35 | Build | Archery Range |
| 12:13 | Create | Archer |
| 12:16 | Create | Archer |
| 12:25 | Build | Farm |
| 12:26 | Build | Farm |
| 12:31 | Build | Farm |
| 12:56 | Create | Archer |
| 12:57 | Create | Archer |
| 13:12 | Create | Archer |
| 13:13 | Create | Archer |
| 13:37 | Research | Man-at-Arms (upgrade) |
| 13:48 | Create | Archer |
| 13:55 | Create | Villager (Male) |
| 13:57 | Create | Villager (Male) |
| 14:05 | Build | Farm |
| 14:07 | Build | Farm |
| 14:18 | Create | Militia |
| 14:27 | Create | Archer |
| 14:28 | Create | Archer |
| 15:15 | Create | Villager (Male) |
| 15:19 | Build | House |
| 15:21 | Build | House |
| 15:45 | Create | Archer |
| 15:45 | Create | Archer |
| 16:08 | Create | Militia |
| 16:11 | Create | Militia |
| 16:55 | Create | Archer |
| 16:55 | Create | Archer |
| 17:42 | Create | Archer |
| 17:43 | Create | Archer |
| 17:43 | Create | Archer |
| 17:43 | Create | Archer |
| 17:44 | Create | Archer |
| 17:45 | Create | Villager (Male) |
| 17:46 | Create | Villager (Male) |
| 18:07 | Create | Villager (Male) |
| 18:11 | Build | Farm |
| 18:12 | Build | Farm |
| 18:17 | Create | Villager (Male) |
| 18:25 | Create | Archer |
| 18:25 | Create | Archer |
| 19:15 | Create | Villager (Male) |
| 19:33 | Create | Villager (Male) |
| 19:33 | Create | Villager (Male) |
| 19:33 | Create | Villager (Male) |
| 19:34 | Create | Villager (Male) |
| 21:14 | Create | Skirmisher |
| 21:14 | Create | Villager (Male) |
| 21:21 | Build | House |
| 21:22 | Create | Villager (Male) |
| 21:25 | Build | House |
| 21:27 | Build | House |
| 21:59 | Research | Castle Age |
| 22:08 | Build | Farm |
| 22:08 | Build | Farm |
| 22:08 | Build | Farm |
| 22:08 | Build | Farm |
| 22:08 | Build | Farm |
| 22:09 | Build | Farm |
| 22:09 | Build | Farm |
| 22:09 | Build | Farm |
| 22:19 | Create | Skirmisher |
| 22:19 | Create | Skirmisher |
| 22:19 | Create | Skirmisher |
| 23:12 | Create | Skirmisher |
| 23:12 | Create | Skirmisher |
| 23:12 | Create | Skirmisher |
| 23:12 | Create | Skirmisher |
| 23:13 | Create | Skirmisher |
| 23:23 | Build | Farm |
| 23:26 | Build | Farm |
| 23:36 | Create | Villager (Male) |
| 23:42 | Create | Skirmisher |
| 24:39 | Age | Castle Age |
| 24:45 | Research | Elite Skirmisher (upgrade) |
| 24:55 | Create | Cavalry Archer |
| 24:56 | Create | Cavalry Archer |
| 25:04 | Build | Blacksmith |
| 25:13 | Build | University |
| 25:19 | Create | Villager (Male) |
| 25:19 | Create | Villager (Male) |
| 25:20 | Create | Villager (Male) |
| 25:20 | Create | Villager (Male) |
| 25:28 | Build | House |
| 25:29 | Build | House |
| 25:35 | Build | Mining Camp |
| 25:37 | Create | Villager (Male) |
| 25:58 | Create | Skirmisher |
| 25:58 | Create | Skirmisher |
| 26:09 | Research | Fletching |
| 26:10 | Research | Padded Archer Armor |
| 26:34 | Create | Cavalry Archer |
| 26:35 | Create | Cavalry Archer |
| 26:44 | Research | Bodkin Arrow |
| 26:46 | Research | Scale Barding Armor |
| 26:58 | Build | Farm |
| 27:05 | Build | Farm |
| 27:08 | Create | Villager (Male) |
| 27:39 | Research | Horse Collar |
| 27:45 | Create | Villager (Male) |
| 27:51 | Create | Villager (Male) |
| 28:21 | Research | Ballistics |
| 28:32 | Research | Double-Bit Axe |
| 28:46 | Create | Villager (Male) |
| 28:47 | Create | Villager (Male) |
| 29:21 | Create | Skirmisher |
| 29:21 | Create | Skirmisher |
| 29:22 | Create | Skirmisher |
| 29:23 | Create | Skirmisher |
| 29:24 | Create | Skirmisher |
| 29:36 | Create | Villager (Male) |
| 29:36 | Create | Villager (Male) |
| 29:41 | Create | Villager (Male) |
| 30:00 | Create | Skirmisher |
| 30:22 | Research | Leather Archer Armor |
| 30:26 | Research | Chain Barding Armor |
| 30:59 | Create | Villager (Male) |
| 31:05 | Build | House |
| 31:25 | Build | Mining Camp |
| 31:33 | Build | Stone Wall |
Build order — R4ZORD
First 150 of 435 actions detected
| 0:06 | Build | Town Center |
| 1:11 | Create | Villager (Male) |
| 1:11 | Create | Villager (Male) |
| 1:12 | Create | Villager (Male) |
| 1:12 | Create | Villager (Male) |
| 1:12 | Create | Villager (Male) |
| 2:03 | Create | Villager (Male) |
| 2:08 | Build | Lumber Camp |
| 3:58 | Build | House |
| 4:15 | Research | Loom |
| 4:16 | Create | Villager (Male) |
| 4:16 | Create | Villager (Male) |
| 4:16 | Create | Villager (Male) |
| 4:17 | Create | Villager (Male) |
| 4:17 | Create | Villager (Male) |
| 4:17 | Create | Villager (Male) |
| 4:17 | Create | Villager (Male) |
| 4:59 | Create | Villager (Male) |
| 4:59 | Create | Villager (Male) |
| 5:09 | Build | Mill |
| 5:40 | Create | Villager (Male) |
| 5:40 | Create | Villager (Male) |
| 6:41 | Build | House |
| 7:56 | Create | Villager (Male) |
| 7:56 | Create | Villager (Male) |
| 7:57 | Create | Villager (Male) |
| 7:57 | Create | Villager (Male) |
| 8:12 | Build | House |
| 8:17 | Build | Lumber Camp |
| 8:19 | Create | Villager (Male) |
| 9:10 | Research | Feudal Age |
| 9:35 | Build | Mining Camp |
| 9:40 | Build | Mining Camp |
| 9:50 | Create | Villager (Male) |
| 9:51 | Create | Villager (Male) |
| 9:51 | Create | Villager (Male) |
| 9:51 | Create | Villager (Male) |
| 9:51 | Create | Villager (Male) |
| 10:25 | Build | Barracks |
| 11:20 | Age | Feudal Age |
| 11:27 | Build | Stable |
| 11:51 | Build | Blacksmith |
| 12:23 | Research | Double-Bit Axe |
| 12:45 | Build | Farm |
| 12:54 | Research | Bloodlines |
| 12:55 | Create | Scout Cavalry |
| 12:55 | Create | Scout Cavalry |
| 12:55 | Create | Scout Cavalry |
| 12:55 | Create | Scout Cavalry |
| 13:03 | Build | Farm |
| 13:23 | Build | Farm |
| 13:32 | Build | Farm |
| 13:56 | Build | House |
| 13:57 | Build | House |
| 14:00 | Build | House |
| 14:03 | Build | House |
| 14:19 | Create | Scout Cavalry |
| 14:19 | Create | Scout Cavalry |
| 14:31 | Build | Farm |
| 14:47 | Build | Farm |
| 14:49 | Create | Villager (Male) |
| 14:49 | Create | Villager (Male) |
| 14:50 | Create | Villager (Male) |
| 15:20 | Build | Farm |
| 15:35 | Research | Scale Barding Armor |
| 15:53 | Build | Farm |
| 16:13 | Build | House |
| 16:16 | Build | House |
| 16:48 | Research | Forging |
| 17:19 | Build | Farm |
| 17:19 | Build | Farm |
| 17:20 | Build | Farm |
| 17:20 | Build | Farm |
| 17:20 | Build | Farm |
| 18:27 | Create | Scout Cavalry |
| 18:28 | Create | Scout Cavalry |
| 18:28 | Create | Scout Cavalry |
| 18:28 | Create | Scout Cavalry |
| 18:37 | Research | Horse Collar |
| 18:41 | Create | Villager (Male) |
| 18:41 | Create | Villager (Male) |
| 18:41 | Create | Villager (Male) |
| 18:41 | Create | Villager (Male) |
| 19:36 | Build | Farm |
| 19:39 | Build | Farm |
| 20:20 | Build | Farm |
| 20:28 | Build | House |
| 20:29 | Build | House |
| 20:30 | Build | House |
| 20:33 | Build | House |
| 20:44 | Build | Farm |
| 21:20 | Research | Castle Age |
| 21:20 | Research | Castle Age |
| 22:48 | Research | Wheelbarrow |
| 22:50 | Create | Villager (Male) |
| 22:50 | Create | Villager (Male) |
| 22:50 | Create | Villager (Male) |
| 22:51 | Create | Villager (Male) |
| 23:24 | Build | Palisade Wall |
| 23:45 | Build | Palisade Wall |
| 24:00 | Age | Castle Age |
| 24:10 | Build | Castle |
| 24:26 | Build | Town Center |
| 24:47 | Research | Husbandry |
| 24:48 | Research | Light Cavalry (upgrade) |
| 24:53 | Research | Fletching |
| 24:53 | Research | Padded Archer Armor |
| 25:30 | Research | Gold Mining |
| 25:33 | Research | Bow Saw |
| 25:50 | Create | Villager (Male) |
| 25:50 | Create | Villager (Male) |
| 25:51 | Create | Villager (Male) |
| 25:51 | Create | Villager (Male) |
| 26:35 | Build | Farm |
| 26:57 | Create | Villager (Male) |
| 26:57 | Create | Villager (Male) |
| 26:58 | Create | Villager (Male) |
| 26:58 | Create | Villager (Male) |
| 26:58 | Create | Villager (Male) |
| 27:23 | Create | Mangudai |
| 27:23 | Create | Mangudai |
| 27:23 | Create | Mangudai |
| 27:24 | Create | Mangudai |
| 27:24 | Create | Mangudai |
| 27:24 | Create | Mangudai |
| 27:24 | Create | Mangudai |
| 27:24 | Create | Mangudai |
| 27:25 | Create | Mangudai |
| 27:25 | Create | Mangudai |
| 27:25 | Create | Mangudai |
| 27:25 | Create | Mangudai |
| 28:50 | Create | Villager (Male) |
| 28:51 | Create | Villager (Male) |
| 28:51 | Create | Villager (Male) |
| 28:51 | Create | Villager (Male) |
| 28:51 | Create | Villager (Male) |
| 28:51 | Create | Villager (Male) |
| 28:52 | Create | Villager (Male) |
| 28:57 | Research | Iron Casting |
| 29:01 | Create | Scout Cavalry |
| 29:02 | Create | Scout Cavalry |
| 29:02 | Create | Scout Cavalry |
| 29:02 | Create | Scout Cavalry |
| 29:17 | Research | Stone Mining |
| 29:32 | Create | Villager (Male) |
| 29:32 | Create | Villager (Male) |
| 29:32 | Create | Villager (Male) |
| 30:12 | Create | Villager (Male) |
| 30:12 | Create | Villager (Male) |
| 30:12 | Create | Villager (Male) |
Match timeline
| 6:32 | CryiingBB · first_building Barracks |
| 9:31 | Lealcinho.23 · first_building Barracks |
| 10:25 | R4ZORD · first_building Barracks |
| 11:20 | R4ZORD · age_up feudal |
| 11:25 | CryiingBB · age_up feudal |
| 11:27 | R4ZORD · first_building Stable |
| 11:28 | CryiingBB · first_building Archery Range |
| 11:44 | Fau10 · age_up feudal |
| 12:28 | Lealcinho.23 · age_up feudal |
| 12:40 | Lealcinho.23 · first_building Stable |
| 15:16 | Fau10 · first_building Barracks |
| 15:52 | Fau10 · first_market_buy 100 stone |
| 15:54 | Fau10 · first_market_sell 100 food |
| 16:04 | Fau10 · age_up castle |
| 16:17 | Fau10 · first_building Castle |
| 17:02 | Fau10 · wall_segment Stone Wall x6 |
| 17:51 | Lealcinho.23 · age_up castle |
| 23:24 | R4ZORD · wall_segment Palisade Wall x6 |
| 23:45 | R4ZORD · wall_segment Palisade Wall x15 |
| 24:00 | R4ZORD · age_up castle |
| 24:10 | R4ZORD · first_building Castle |
| 24:39 | CryiingBB · age_up castle |
| 30:05 | Lealcinho.23 · first_market_buy 100 wood |
| 30:10 | Lealcinho.23 · first_building Monastery |
| 31:33 | CryiingBB · wall_segment Stone Wall x7 |
| 31:42 | Lealcinho.23 · first_market_sell 100 food |
| 31:49 | CryiingBB · first_building Castle |
| 34:14 | Fau10 · first_building Archery Range |
| 34:39 | Fau10 · age_up imperial |
| 34:49 | Lealcinho.23 · first_building Castle |
| 34:56 | Lealcinho.23 · age_up imperial |
| 35:36 | CryiingBB · wall_segment Stone Wall x8 |
| 35:53 | Fau10 · wall_segment Stone Wall x19 |
| 38:25 | Fau10 · first_building Monastery |
| 38:34 | R4ZORD · first_market_sell 100 wood |
| 39:26 | Fau10 · first_building Stable |
| 41:06 | Fau10 · first_building Siege Workshop |
| 41:16 | CryiingBB · age_up imperial |
| 41:51 | R4ZORD · age_up imperial |
| 58:32 | Fau10 · wall_segment Stone Wall x17 |
| 60:42 | CryiingBB · tribute_sent a jugador 1 |
| 60:42 | CryiingBB · tribute_sent a jugador 3 |
| 60:42 | CryiingBB · tribute_sent a jugador 4 |
| 61:55 | Fau10 · tribute_sent a jugador 1 |
| 61:55 | Fau10 · tribute_sent a jugador 2 |
| 61:55 | Fau10 · tribute_sent a jugador 4 |
| 67:22 | Fau10 · wall_segment Stone Wall x22 |
| 68:01 | Fau10 · wall_segment Stone Wall x15 |
| 69:22 | Fau10 · wall_segment Stone Wall x14 |
| 75:04 | R4ZORD · first_building Siege Workshop |
| 83:36 | Fau10 · wall_segment Stone Wall x4 |
| 91:35 | Fau10 · wall_segment Stone Wall x3 |
| 96:05 | Lealcinho.23 · resign |
[ AI ANALYSIS · 1 CREDIT ]
What really happened in this match?
Wolo.gg analyzes every decision: build order, eco, micro, common mistakes by bracket. Personalized analysis on WhatsApp or Discord in 30 seconds.
Civ guide
Bengalis
Map guide
Steppe
Perfil
Fau10